 Dungeon Crawl Stone Soup version 0.16-a0-3049-g2a447e9 (webtiles) character file.

58 Herrn the Shield-Bearer (level 4, -3/37 HPs)
             Began as a Formicid Fighter on Dec 9, 2014.
             Killed from afar by Sigmund (4 damage)
             ... with a puff of flame
             ... on level 2 of the Dungeon.
             The game lasted 00:03:33 (895 turns).

Herrn the Shield-Bearer (Formicid Fighter)           Turns: 895, Time: 00:03:33

Health: -3/37      AC:  9    Str: 24    XL:     4   Next: 20%
Magic:  5/5        EV:  7    Int:  7    God:
Gold:   60         SH: 10    Dex: 11    Spells: 0 memorised, 3 levels left

rFire  + . .     SeeInvis +     a - +0 war axe
rCold  x . .     Clarity  .     q - +0 chain mail
rNeg   . . .     SustAb   .     c - +0 shield
rPois  .         Gourm    .     (helmet unavailable)
rElec  .         Spirit   .     n - -1 cloak (curse)
rCorr  .         Warding  .     (no gloves)
rMut   .         Stasis   +     (no boots)
MR     .....                    (no amulet)
Stlth  ..........               j - +3 ring of strength
                                l - ring of fire

@: not resistant to hostile enchantments, extremely unstealthy
A: permanent stasis, dig shafts and tunnels, four strong arms, antennae 3
a: Dig, Shaft Self


You were on level 2 of the Dungeon.
You were not hungry.

You visited 1 branch of the dungeon, and saw 2 of its levels.

You collected 60 gold pieces.

Inventory:

Hand weapons
 a - a +0 war axe (weapon)
Armour
 b - a +0 scale mail
 c - a +0 shield (worn)
 n - a cursed -1 cloak (worn)
 q - a +0 chain mail (worn)
Jewellery
 i - an uncursed ring of stealth
 j - a +3 ring of strength (right hand)
 l - a ring of fire (left hand)
Scrolls
 f - a scroll of blinking {unknown}
 g - 2 scrolls of identify {unknown}
 m - a scroll of fear {unknown}
 o - a scroll of random uselessness {unknown}
Potions
 e - a potion of might
 h - a potion of invisibility {unknown}
 k - a potion of agility {unknown}
Comestibles
 d - a bread ration


   Skills:
 * Level 3.7 Fighting
 * Level 2.5 Axes
 + Level 3.5 Armour
 + Level 1.1 Dodging
 + Level 4.2 Shields


You had 3 spell levels left.
You didn't know any spells.

Dungeon Overview and Level Annotations

Branches:
Dungeon (2/15)

Altars:

Annotations:
D:2 Sigmund


Innate Abilities, Weirdness & Mutations

You are under a permanent stasis effect.
You can dig through walls and to a lower floor.
Your four strong arms can wield two-handed weapons with a shield.
You have a pair of large antennae on your head (SInv).


Message History

Sigmund casts a spell at you.
You struggle to resist.
You barely miss Sigmund.
Sigmund is severely wounded.
You feel less confused.
Sigmund points at you and mumbles some strange words.
The puff of flame hits you! You resist.
Your shield and chain mail prevent you from hitting Sigmund.
Sigmund is severely wounded.
Sigmund hits you with a scythe.
* * * LOW HITPOINT WARNING * * *
You hit Sigmund.
Sigmund is almost dead.
Sigmund hits you with a scythe!
* * * LOW HITPOINT WARNING * * *
You hit Sigmund.
Sigmund is almost dead.
Sigmund points at you and mumbles some strange words.
The puff of flame hits you! You resist.
You die...

#.##.# #.# #..). #.#
#.... #.# #... #=#
####.## #.#
#.....#########.#####
#...>................
#....................
#..@@.#########.#####
#####..?..#########.#
#...................#
#.###.....###########
#.....# #######


You could see Sigmund (invisible).

Vanquished Creatures
  Terence (D:2)
  An adder (D:2)
  A worm (D:2)
  An ooze (D:1)
  3 hobgoblins
  2 jackals (D:2)
  4 kobolds
  A quokka (D:2)
  7 bats
  A giant cockroach (D:2)
  6 goblins
  3 rats
31 creatures vanquished.

Notes
Turn   | Place    | Note
--------------------------------------------------------------
     0 | D:1      | Herrn, the Formicid Fighter, began the quest for the Orb.
     0 | D:1      | Reached XP level 1. HP: 18/18 MP: 1/1
    76 | D:1      | Reached skill level 4 in Shields
    76 | D:1      | Reached XP level 2. HP: 24/24 MP: 3/3
   465 | D:2      | Reached XP level 3. HP: 26/29 MP: 4/4
   716 | D:2      | Reached skill level 1 in Dodging
   802 | D:2      | Noticed Terence
   821 | D:2      | Killed Terence
   821 | D:2      | Reached XP level 4. HP: 34/37 MP: 5/5
   852 | D:2      | Noticed Sigmund
   894 | D:2      | HP: 1/37 [Sigmund/scythe (7)]
   895 | D:2      | Killed from afar by Sigmund

Action                   |  1- 3 |  4- 6 || total
-------------------------+-------+-------++-------
Melee: War axe           |    95 |     9 ||   104
  Use: Potion            |       |     1 ||     1
